 Dungeon Crawl Stone Soup version 0.29.1-15-g9cfb28693d (webtiles) character file.

Game seed: 5061708567926653283

46 Eitelfritz the Chopper (level 3, -2/31 HPs)
             Began as a Minotaur Gladiator on Mar 10, 2023.
             Slain by a gnoll
             ... wielding a +1 flail of protection
              (7 damage)
             ... on level 2 of the Dungeon.
             The game lasted 00:01:21 (961 turns).

Eitelfritz the Chopper (Minotaur Gladiator)          Turns: 961, Time: 00:01:22

Health: -2/31      AC:  5    Str: 18    XL:     3   Next: 44%
Magic:  2/2        EV: 12    Int:  7    God:
Gold:   58         SH:  0    Dex: 11    Spells: 2/2 levels left

rFire   + . .      SeeInvis .   a - +0 war axe
rCold   . . .      Faith    .   (no shield)
rNeg    . . .      Spirit   .   k - +2 leather armour {rF+}
rPois   .          Reflect  .   c - +0 hat
rElec   .          Harm     .   (no cloak)
rCorr   .          Rampage  .   (no gloves)
Will    .....                   (no boots)
Stlth   +.........              (no amulet)
HPRegen 0.10/turn               (no ring)
MPRegen 0.08/turn               (no ring)

@: no status effects
A: horns 2, retaliatory headbutt
a: no special abilities


You were on level 2 of the Dungeon.
You visited 1 branch of the dungeon, and saw 2 of its levels.

You collected 58 gold pieces.

Inventory:

Hand Weapons
 a - a +0 war axe (weapon)
Missiles
 d - 3 throwing nets (quivered)
 e - a javelin
Armour
 c - a +0 hat (worn)
 k - a +2 leather armour of fire resistance (worn)
Scrolls
 b - a scroll of noise {unknown}
 f - a scroll of teleportation {unknown}
 g - 3 scrolls of identify {unknown}
 h - a scroll of magic mapping {unknown}
 i - a scroll of enchant armour {unknown}
 j - a scroll of butterflies {unknown}
Potions
 l - a potion of berserk rage {unknown}


   Skills:
 + Level 3.2 Fighting
 + Level 4.2 Axes
 + Level 2.0 Throwing
 + Level 1.0 Armour
 + Level 3.8 Dodging


You had 2 spell levels left.
You didn't know any spells.
Your spell library contained the following spells:

 Spells                   Type           Power      Damage    Failure   Level
 Summon Small Mammal      Summ           0%         N/A       50%         1
 Call Canine Familiar     Summ           0%         N/A       86%         3
 Summon Guardian Golem    Hex/Summ       0%         N/A       86%         3


Dungeon Overview and Level Annotations

Branches:
Dungeon (2/15)

Altars:


Innate Abilities, Weirdness & Mutations

You have a pair of horns on your head.
You reflexively headbutt those who attack you in melee.


Message History

You have reached level 3!
Your experience leads to an increase in your attributes!
Increase (S)trength, (I)ntelligence, or (D)exterity?
You feel clever. x2
You see here an adder corpse. 2 gnolls come into view.
A gnoll is wielding a +1 flail of protection.
The gnoll shouts! x2
A gnoll comes into view. It is wielding a +0 flail.
The gnoll shouts!
You slash the rat!
You kill the rat!
A gnoll comes into view. It is wielding a +0 spear.
Your Armour skill increases to level 1!
The gnoll shouts!
The gnoll hits you with a +1 flail of protection.
The gnoll hits you with a +0 halberd. The gnoll closely misses you.
You completely miss the gnoll. You headbutt the gnoll.
The gnoll is moderately wounded.
You hit the gnoll but do no damage. The gnoll hits you with a +0 halberd.
The gnoll barely misses you.
You hit the gnoll.
The gnoll is moderately wounded.
You hit the gnoll.
The gnoll hits you from afar with a +0 spear.
The gnoll hits you with a +0 halberd. The gnoll misses you.
You slash the gnoll!
You kill the gnoll!
You hit the gnoll. The gnoll hits you but does no damage.
The gnoll hits you with a +1 flail of protection.
* * * LOW HITPOINT WARNING * * *
The gnoll closely misses you.
The gnoll hits you from afar with a +0 spear.
* * * LOW HITPOINT WARNING * * *
The gnoll hits you with a +1 flail of protection.
* * * LOW HITPOINT WARNING * * *
Your Fighting skill increases to level 3!
You barely miss the gnoll. You slash the gnoll! The gnoll closely misses you.
The gnoll hits you with a +1 flail of protection!
You die...

..# ..# ###+ #.#
....#.# #
##..#.##########
..........#.......
.....##g..†...#
......g@.##.#.#
.....g#....<#
..... #...#.# ....
#...#.# #..
.....#.# ##
......#.#
........#
...######


You could see 3 gnolls.

Vanquished Creatures
  A gnoll (D:2)
  An adder (D:2)
  A dart slug (D:1)
  A giant cockroach (D:1)
  3 goblins (D:1)
  6 hobgoblins (D:1)
  3 ball pythons (D:1)
  3 bats (D:1)
  4 frilled lizards (D:1)
  4 rats
27 creatures vanquished.

Notes
Turn   | Place    | Note
-------+----------+-------------------------------------------
     0 | D:1      | Eitelfritz the Minotaur Gladiator began the quest for the
                  | Orb.
     0 | D:1      | Reached XP level 1. HP: 18/18 MP: 0/0
    29 | D:1      | Reached skill level 4 in Axes
    30 | D:1      | Reached XP level 2. HP: 5/25 MP: 1/1
   598 | D:1      | Found a faded altar of an unknown god.
   953 | D:2      | Reached XP level 3. HP: 30/30 MP: 2/2
   956 | D:2      | Reached skill level 1 in Armour
   961 | D:2      | Slain by a gnoll

Illustrated notes

Levels and vault maps discovered:
D:1:      scummos_arrival_star, layout_rooms,
          hellmonk_ecumenical_altar_inner_sanctum, minmay_quantized
D:2:      layout_basic, minmay_pentomino_q4, uniq_sigmund

Skill      XL: |  1  2  3 |
---------------+----------+-----
Axes           | 4 |  4.2
Armour         | 1 |  1.0
Fighting       | 3 |  3.2
Throwing       | |  2.0
Dodging        | |  3.8

Action                   || total
-------------------------++-------
Melee: War axe           ||    42
       Headbutt          ||     3
Armor: Leather armour    ||    13
Dodge: Dodged            ||    46
